General information
- name: BNet
- type: Ladder 1vs1/FFA
- host: Battle.net
- saver: greendestiny
map: TerenasStand
- players: 2
- length: 21:59
- speed: Fast
- version: 1.24 W3XP
- replay type: Public
» download(96 KB)
Players
team 1 (loser)
Dark-Zeus (
blue | 96 APM | 2111 actions | 21:58)
4 Archmage
2 Summon Water Elemental
2 Brilliance Aura
2 Firelord
1 Summon Lava Spawn
1 Soul Burn
» actions
| Assign group hotkey | 117 | |
| Basic commands | 14 | |
| Build / train | 113 | |
| Enter build submenu | 13 | |
| Enter hero's abilities submenu | 6 | |
| Give item / drop item | 1 | |
| Remove unit from queue | 1 | |
| Right click | 1091 | |
| Select / deselect | 391 | |
| Select group hotkey | 163 | |
| Use ability | 201 | |
2111 total
» units
» upgrades
| Masonry | 2 | |
| Lumber Harvesting | 1 | |
| Defend | 1 | |
4 total
» buildings
| Farm | 6 | |
| Altar of Kings | 1 | |
| Barracks | 1 | |
| Keep | 1 | |
| Lumber Mill | 1 | |
| Arcane Vault | 2 | |
| Guard Tower | 9 | |
| Scout Tower | 5 | |
| Arcane Tower | 1 | |
27 total
» build order
00:07 Farm
00:09 Altar of Kings
00:18 Barracks
00:32 Farm
01:47 Farm
03:11 Keep
03:17 Lumber Mill
03:36 Arcane Vault
03:58 Farm
03:59 Farm
04:32 Farm
07:11 Guard Tower
07:24 Scout Tower
07:25 Scout Tower
07:54 Guard Tower
08:06 Arcane Tower
09:07 Arcane Vault
10:10 Scout Tower
10:10 Scout Tower
10:11 Scout Tower
10:40 Guard Tower
11:16 Guard Tower
11:56 Guard Tower
12:08 Guard Tower
13:27 Guard Tower
16:53 Guard Tower
18:26 Guard Tower
» items
| Scroll of Regeneration | 9 | |
| Ivory Tower | 14 | |
| Lesser Clarity Potion | 1 | |
| Potion of Healing | 6 | |
30 total
team 2 (winner)
greendestiny (
green | 151 APM | 3314 actions | 21:59)
7 Far Seer
3 Feral Spirit
3 Chain Lighting
1 Earth Quake
» actions
| Assign group hotkey | 149 | |
| Basic commands | 349 | |
| Build / train | 74 | |
| ESC pressed | 6 | |
| Enter build submenu | 23 | |
| Enter hero's abilities submenu | 7 | |
| Give item / drop item | 4 | |
| Right click | 1148 | |
| Select / deselect | 737 | |
| Select group hotkey | 495 | |
| Use ability | 322 | |
3314 total
» units
| Peon | 14 | |
| Grunt | 7 | |
| Demolisher | 4 | |
| Raider | 6 | |
31 total
» upgrades
| Spiked Barricades | 1 | |
| Berserker Strength | 1 | |
| Ensnare | 1 | |
3 total
» buildings
| Altar of Storms | 1 | |
| Orc Burrow | 9 | |
| Barracks | 2 | |
| Voodoo Lounge | 4 | |
| War Mill | 1 | |
| Stronghold | 2 | |
| Beastiary | 1 | |
| Watch Tower | 2 | |
22 total
» build order
00:06 Altar of Storms
00:19 Orc Burrow
00:36 Barracks
01:31 Orc Burrow
02:07 Voodoo Lounge
02:47 War Mill
03:13 Orc Burrow
03:49 Stronghold
03:49 Stronghold
05:44 Orc Burrow
05:47 Orc Burrow
05:58 Orc Burrow
06:15 Beastiary
08:56 Barracks
08:59 Orc Burrow
09:08 Voodoo Lounge
10:05 Voodoo Lounge
10:09 Voodoo Lounge
10:23 Orc Burrow
11:25 Orc Burrow
11:27 Watch Tower
13:13 Watch Tower
» items
| Boots of Speed | 1 | |
| Healing Salve | 9 | |
| Lesser Clarity Potion | 13 | |
| Potion of Healing | 1 | |
| Potion of Mana | 2 | |
26 total
Chat log
(00:44 / All) Dark-Zeus: gl hf
(00:46 / All) greendestiny: same